 Dungeon Crawl Stone Soup version 0.29.1-15-g9cfb28693d (webtiles) character file.

Game seed: 8476020143008400376

75 leafyfresh the Sneak (level 4, 0/33 HPs)
             Began as an Octopode Delver on Mar 6, 2023.
             Slain by a jelly (3 damage)
             ... on level 5 of the Dungeon.
             The game lasted 00:00:22 (412 turns).

leafyfresh the Sneak (Octopode Delver)               Turns: 412, Time: 00:00:22

Health: 0/33       AC: -11   Str: 11    XL:     4   Next: 31%
Magic:  4/4        EV: 13    Int: 14    God:
Gold:   0          SH:  0    Dex: 13    Spells: 3/3 levels left

rFire   . . .      SeeInvis .   a - +0 short sword
rCold   . . .      Faith    .   (no shield)
rNeg    . . .      Spirit   .   (helmet restricted)
rPois   .          Reflect  .   (no amulet)
rElec   .          Harm     .   (no ring)
rCorr   .          Rampage  .   (no ring)
Will    .....                   (no ring)
Stlth   ++++......              (no ring)
HPRegen 0.11/turn               (no ring)
MPRegen 0.09/turn               (no ring)
                                (no ring)
                                (no ring)

@: corroded
A: almost no armour, amphibious, 8 rings, camouflage 1, gelatinous body 1,
(nimble swimmer 1), tentacles
a: no special abilities


You were on level 5 of the Dungeon.
You visited 1 branch of the dungeon, and saw 1 of its levels.

Inventory:

Hand Weapons
 a - a +0 short sword (weapon)
Wands
 f - a wand of digging (3)
 g - a wand of light (7)
 i - a wand of polymorph (4)
Scrolls
 b - a scroll of fog
 c - a scroll of magic mapping
 d - a scroll of fear
Potions
 e - a potion of haste
 h - a potion of might {unknown}
 j - a potion of degeneration {unknown}


   Skills:
 + Level 3.7 Fighting
 - Level 2.0 Short Blades
 + Level 3.0 Dodging
 + Level 7.4 Stealth


You had 3 spell levels left.
You didn't know any spells.
Your spell library was empty.

Dungeon Overview and Level Annotations

Branches:
Dungeon (5/15)
 Temple: D:4-7

Altars:


Innate Abilities, Weirdness & Mutations

You cannot wear most types of armour.
You are amphibious.
You can wear up to eight rings at the same time.
Your skin changes colour to match your surroundings (Stealth+).
Your rubbery body absorbs attacks. (AC +1, EV +1)
((You are camouflaged when in or above water. (Stealth+)))
You have tentacles for arms and can constrict up to eight enemies at once.


Message History

You hit the white imp but do no damage.
The white imp is almost dead.
You constrict the white imp.
You kill the white imp!
Your Dodging skill increases to level 3!
HP restored.
Key pressed, stopping explore.
No target in view!
You open the door.
There is an open door here.
You open the door.
There is an open door here.
j - a golden potion No target in view!
Found a stone staircase leading up.
No target in view!
Found an escape hatch in the floor.
No target in view!
There is a stone staircase leading up here.
A jelly comes into view.
You see here a scroll labelled OPSUDOCKEUG.
A jelly is nearby!
The jelly quivers.
You hit the jelly but do no damage. The acid corrodes you!
Your tentacles burn!
The jelly hits you.
You are splashed with acid!
You are too injured to fight recklessly!
You are too injured to fight recklessly!
You are too injured to fight recklessly!
You are too injured to fight recklessly!
Unknown command.
You hit the jelly. The acid corrodes you!
Your tentacles burn!
The jelly is lightly wounded.
The jelly hits you. The acid corrodes you!
You are splashed with acid!
* * * LOW HITPOINT WARNING * * *
You hit the jelly but do no damage.
Your tentacles burn!
* * * LOW HITPOINT WARNING * * *
You squeeze the jelly, but do no damage.
The jelly is lightly wounded.
The jelly hits you.
You die...

#....$..# ##.#.#.##
.#.......#######....#.#.
.....................>+.
#........######....###.
#......?.# ##.#.# ##
#..$.....# ######.# #
#.#.....## #......#
#.##....# #.######
#.....@.# #.# #####J###
#.# ## #. #.# #. .. #.#
#. ### #.# #.
#.########. #..........
##########. #.


You could see a jelly.

Vanquished Creatures
  2 hounds (D:5)
  An adder (D:5)
  A white imp (D:5)
4 creatures vanquished.

Notes
Turn   | Place    | Note
-------+----------+-------------------------------------------
     0 | D:5      | leafyfresh the Octopode Delver began the quest for the Orb.
     0 | D:5      | Reached XP level 1. HP: 16/16 MP: 1/1
     2 | D:5      | Noticed a hound
     9 | D:5      | Killed a hound
    10 | D:5      | Reached skill level 7 in Stealth
    10 | D:5      | Reached XP level 2. HP: 21/21 MP: 2/2
    10 | D:5      | Reached XP level 3. HP: 26/26 MP: 3/3
   132 | D:5      | Reached XP level 4. HP: 33/33 MP: 4/4
   412 | D:5      | Slain by a jelly

Illustrated notes

Levels and vault maps discovered:
D:5:      layout_loops_corners

Skill      XL: |  1  2  3  4 |
---------------+-------------+-----
Stealth        | 7 |  7.4
Dodging        | 3 |  3.0
Fighting       | |  3.7
Short Blades   | |  2.0

Action                   |  1- 3 |  4- 6 || total
-------------------------+-------+-------++-------
Melee: Short sword       |     2 |    13 ||    15
       Constrict         |       |     2 ||     2
       Tentacles         |       |     1 ||     1
 Stab: Sleeping          |     2 |       ||     2
Armor: Skin              |       |     2 ||     2
Dodge: Dodged            |       |     4 ||     4
